 Dungeon Crawl Stone Soup version 0.25-a0-731-g0472a16 (webtiles) character file.

Game seed: 14453686575568446002, levelgen mode: deterministic

1726 robertstho the Grappler (level 9, -5/72 HPs)
             Began as a Ghoul Monk on Apr 8, 2020.
             Was a Believer of Okawaru.
             Killed from afar by Maggie (21 damage)
             ... with a bolt of fire
             ... on level 7 of the Dungeon.
             The game lasted 00:11:03 (6011 turns).

robertstho the Grappler (Ghoul Monk)                Turns: 6011, Time: 00:11:03

Health: -5/72      AC:  9    Str: 18    XL:     9   Next: 4%
Magic:  8/8        EV: 11    Int:  5    God:    Okawaru [**....]
Gold:   376        SH:  0    Dex: 11    Spells: 8/8 levels left

rFire    . . .     SeeInvis .     - Unarmed
rCold    + . .     Gourm    .   (no shield)
rNeg     + + +     Faith    .   m - +0 scale mail
rPois    ∞         Spirit   .   (no helmet)
rElec    .         Reflect  .   B - +0 cloak
rCorr    .         Harm     .   a - +0 pair of gloves
MR       .....                  (no boots)
Stlth    +.........             (no amulet)
HPRegen  0.00/turn              (no ring)
MPRegen  0.11/turn              (no ring)

@: rotting
A: rotting body, claws 1, carnivore, cold resistance 1, negative energy
resistance 3, inhibited regeneration, torment resistance, unbreathing
a: Heroism, Renounce Religion


You were on level 7 of the Dungeon.
You worshipped Okawaru.
Okawaru was pleased with you.
You were not hungry.

You visited 1 branch of the dungeon, and saw 7 of its levels.
You also visited: Sewer.

You collected 376 gold pieces.

Inventory:

Missiles
 j - 30 poisoned darts (quivered)
 q - 8 curare-tipped darts
Armour
 a - a +0 pair of gloves (worn)
 m - a +0 scale mail (worn)
 B - a +0 cloak (worn)
Jewellery
 l - a cursed ring of attention {unknown}
 y - an uncursed ring of protection from cold {unknown}
 z - a +6 ring of dexterity {unknown}
 C - an uncursed amulet of faith {unknown}
 E - an uncursed ring of magical power {unknown}
Wands
 D - a wand of random effects (17)
Scrolls
 d - 3 scrolls of magic mapping {unknown}
 e - 13 scrolls of identify {unknown}
 f - 4 scrolls of fog {unknown}
 g - 2 scrolls of remove curse {unknown}
 h - 2 scrolls of amnesia {unknown}
 p - 2 scrolls of teleportation {unknown}
 r - a scroll of noise {unknown}
 s - a scroll of enchant armour {unknown}
 v - a scroll of blinking {unknown}
 x - 2 scrolls of random uselessness {unknown}
Potions
 c - a potion of flight
 i - 2 potions of stabbing
 k - 6 potions of heal wounds
 n - 4 potions of curing {unknown}
 o - 4 potions of brilliance {unknown}
 t - 3 potions of mutation {unknown}
 u - 2 potions of lignification {unknown}
 w - 4 potions of invisibility {unknown}
 A - 2 potions of resistance {unknown}
Comestibles
 b - 12 rations
 F - 3 chunks of flesh


   Skills:
 + Level 4.7 Fighting
 + Level 4.9 Armour
 + Level 4.5 Dodging
 + Level 3.2 Stealth
 + Level 9.4 Unarmed Combat
 + Level 0.1 Invocations


You had 8 spell levels left.
You didn't know any spells.
Your spell library contained the following spells:

 Spells                   Type           Power        Failure   Level  Hunger
 Sticks to Snakes         Tmut           #.......     94%         2    ###....
 Beastly Appendage        Tmut           Unusable     N/A         1    N/A
 Spider Form              Tmut/Pois      Unusable     N/A         3    N/A
 Ice Form                 Ice/Tmut       Unusable     N/A         4    N/A
 Blade Hands              Tmut           Unusable     N/A         5    N/A

Dungeon Overview and Level Annotations

Branches:
Dungeon (7/15)             Temple (0/1) D:6           Sewer (visited)

Altars:
Fedhas
Okawaru
Ru

Annotations:
D:6 2 transporters, flyingllamaman's ghost, novice FoFi
D:7 Maggie


Innate Abilities, Weirdness & Mutations

Your body is rotting away.
You thrive on raw meat.
You are immune to poison.
You have sharp fingernails.
You are carnivorous and can eat meat at any time.
Your flesh is cold resistant. (rC+)
You are immune to negative energy. (rN+++)
You do not regenerate when monsters are visible.
You are immune to unholy pain and torment.
You can survive without breathing.


Message History

Maggie is lightly wounded.
Maggie hits you with a +2 long sword of flaming.
Maggie burns you.
You hit Maggie.
Maggie is moderately wounded.
You hit Maggie but do no damage.
Maggie is moderately wounded.
Maggie gestures at you while chanting. The bolt of fire hits you!!
You closely miss Maggie.
Maggie is moderately wounded.
Maggie hits you with a +2 long sword of flaming.
* * * LOW HITPOINT WARNING * * *
Maggie burns you.
* * * LOW HITPOINT WARNING * * *
You closely miss Maggie.
Maggie is moderately wounded.
Maggie points at you and mumbles some strange words.
The bolt of fire hits you!!
You die...

#.# #.# ...
#.# ##.## ##
#... .#
#..#########.#
#.........@@.#
#.#..8..####.#
#.#.....# .#
#.#.....# .#
######.##+++##
.# .......# .#
.#####.# .# .#
#.# .# ÷# #.#


You could see Maggie.

Vanquished Creatures
  A hungry ghost (D:5)
  2 sky beasts
  2 ogres
  A centaur (D:6)
  3 big kobolds (Sewer)
  2 bullfrogs
  A scorpion (D:5)
  A howler monkey (D:4)
  A jelly (D:5)
  A bullfrog zombie (D:3)
  2 hounds
  4 orc priests
  A bullfrog skeleton (D:4)
  An iguana (D:5)
  2 orc wizards (D:5)
  4 worker ants
  A hound zombie (D:5)
  A hound skeleton (D:6)
  8 gnolls
  3 adders
  A shadow imp (D:6)
  3 oozes
  2 adder skeletons
  An adder zombie (D:5)
  2 worms (D:2)
  2 dart slugs
  6 leopard geckos
  21 orcs
  12 bats
  5 giant cockroaches
  6 goblins
  3 hobgoblins
  6 jackals (D:5)
  17 kobolds
  3 quokkas
  A ball python (D:2)
  A ball python skeleton (D:5)
  7 frilled lizards
  11 rats
152 creatures vanquished.

Notes
Turn   | Place    | Note
-------+----------+-------------------------------------------
     0 | D:1      | robertstho the Ghoul Monk began the quest for the Orb.
     0 | D:1      | Reached XP level 1. HP: 19/19 MP: 0/0
   343 | D:1      | Reached XP level 2. HP: 26/26 MP: 1/1
   847 | D:2      | Reached XP level 3. HP: 31/31 MP: 2/2
  1800 | D:3      | Reached skill level 4 in Unarmed Combat
  1902 | D:3      | Reached XP level 4. HP: 33/40 MP: 3/3
  2109 | D:3      | Found a glowing drain.
  2114 | Sewer    | Entered a sewer
  2217 | Sewer    | Noticed a big kobold
  2246 | Sewer    | Killed a big kobold
  2246 | Sewer    | Reached skill level 1 in Armour
  2246 | Sewer    | Reached skill level 5 in Unarmed Combat
  2246 | Sewer    | Reached XP level 5. HP: 27/46 MP: 4/4
  2313 | Sewer    | Noticed a big kobold
  2353 | Sewer    | Killed a big kobold
  2353 | Sewer    | Reached XP level 6. HP: 44/52 MP: 5/5
  3434 | D:4      | Reached skill level 6 in Unarmed Combat
  3494 | D:4      | Reached XP level 7. HP: 43/59 MP: 6/6
  3670 | D:4      | Found a blossoming altar of Fedhas.
  4127 | D:5      | Entered Level 5 of the Dungeon
  4182 | D:5      | Noticed a hungry ghost
  4204 | D:5      | Killed a hungry ghost
  4204 | D:5      | Reached skill level 7 in Unarmed Combat
  4290 | D:5      | Reached XP level 8. HP: 52/66 MP: 7/7
  4837 | D:5      | Reached skill level 8 in Unarmed Combat
  5045 | D:5      | Found an iron altar of Okawaru.
  5053 | D:5      | Became a worshipper of Warmaster Okawaru
  5053 | D:5      | Reached * piety under Okawaru
  5053 | D:5      | Reached ** piety under Okawaru
  5391 | D:6      | Found a transporter.
  5391 | D:6      | Noticed flyingllamaman's ghost (novice FoFi)
  5396 | D:6      | Found a transporter.
  5657 | D:6      | Reached skill level 9 in Unarmed Combat
  5737 | D:6      | Found a sacrificial altar of Ru.
  5902 | D:6      | Found a staircase to the Ecumenical Temple.
  5990 | D:7      | Noticed Maggie
  6006 | D:7      | Reached XP level 9. HP: 60/72 MP: 8/8
  6011 | D:7      | Killed from afar by Maggie

Levels and vault maps discovered:
D:1:      minmay_arrival_semitransparent, layout_basic
D:2:      layout_basic, first_ration
D:3:      layout_basic, gup_sewer_entry_bowl, minmay_goblin_kobold_house
D:4:      layout_basic, fedhas_altar_2
D:5:      layout_basic, kennysheep_okawaru_gauntlet
D:6:      layout_rooms, minmay_temple_entry_fiery, basic_altar,
          gammafunk_ghost_mausoleum
D:7:      layout_loops_ring, slow_altar_2, uniq_maggie

Skill      XL: |  1  2  3  4  5  6  7  8 |
---------------+-------------------------+-----
Dodging        | 3 4 |  4.5
Unarmed Combat | 4 5 6 7 9 |  9.4
Armour         | 1 2 3 4 |  4.9
Fighting       | 4 |  4.7
Stealth        | 3 |  3.2
Invocations    | |  0.1

Action                   |  1- 3 |  4- 6 |  7- 9 || total
-------------------------+-------+-------+-------++-------
Melee: Unarmed           |   119 |   236 |   298 ||   653
       Punch             |     1 |     3 |    13 ||    17
Invok: Heroism           |       |       |     1 ||     1
  Use: Potion            |       |     4 |     1 ||     5
 Stab: Sleeping          |     2 |       |       ||     2
  Eat: Chunk             |     5 |     6 |    10 ||    21
Armor: Ring mail         |    39 |     5 |       ||    44
       Robe              |     8 |       |       ||     8
       Scale mail        |       |   110 |   116 ||   226
Dodge: Dodged            |    89 |   155 |   145 ||   389

Table legend:
 A = Non-vault XP
 B = Vault XP
 C = Vault XP percentage of total XP
 D = Non-vault monster count
 E = Vault monster count
 F = Vault count percentage of total count
                 A         B        C        D         E       F
            +---------+---------+-------+---------+---------+-------
      Total |    2124 |     343 |  13.9 |     124 |      28 |  18.4
            +---------+---------+-------+---------+---------+-------
        D:1 |      19 |       0 |   0.0 |      13 |       0 |   0.0
        D:2 |      45 |       0 |   0.0 |      23 |       0 |   0.0
        D:3 |     143 |       8 |   5.3 |      22 |       4 |  15.4
        D:4 |     392 |       0 |   0.0 |      16 |       0 |   0.0
        D:5 |     879 |       0 |   0.0 |      42 |       0 |   0.0
        D:6 |     435 |       0 |   0.0 |       6 |       0 |   0.0
        D:7 |     211 |       0 |   0.0 |       2 |       0 |   0.0
      Sewer |       0 |     335 | 100.0 |       0 |      24 | 100.0
            +---------+---------+-------+---------+---------+-------
